 Dungeon Crawl Stone Soup version 0.31-a0-667-g39726597b9 (webtiles) character file.

Game seed: 6180273550918919501

6 Bravepunisher the Ducker (level 1, -1/11 HPs)
             Began as a Spriggan Monk on Sept 3, 2023.
             Slain by a sleepcap (4 damage)
             ... on level 4 of the Dungeon.
             The game lasted 00:01:09 (189 turns).

Bravepunisher the Ducker (Spriggan Monk)             Turns: 189, Time: 00:01:10

Health: -1/11      AC:  2    Str:  7    XL:     1   Next: 75%
Magic:  2/2        EV:  4    Int: 11    God:
Gold:   0          SH:  0    Dex: 17    Spells: 0/0 levels left

rFire   . . .        a - +0 short sword
rCold   . . .        d - orb {light}
rNeg    . . .        b - +0 robe
rPois   .            (helmet restricted)
rElec   .            (no cloak)
rCorr   .            (gloves unavailable)
SInv    +            (boots unavailable)
Will    .....        (no amulet)
Stlth   +            f - +4 ring of slaying
HPRegen 0.21/turn    (no ring)
MPRegen 0.08/turn

%: no passive effects
@: sleeping, glowing, very quick
A: very small, no large weapons, unfitting armour, see invisible, speed 3
a: no special abilities


You were on level 4 of the Dungeon.
You visited 1 branch of the dungeon, and saw 4 of its levels.

Inventory:

Hand Weapons
 a - a +0 short sword (weapon)
Armour
 b - a +0 robe (worn)
 d - an orb of light (worn)
Jewellery
 f - a +4 ring of slaying (left hand)
Scrolls
 e - a scroll of brand weapon {unknown}
 g - a scroll of vulnerability {unknown}
Potions
 c - a potion of ambrosia


   Skills:
 + Level 2.5 Fighting
 - Level 3.2 Short Blades
 * Level 4.4 Dodging


You couldn't memorise any spells.
You didn't know any spells.
Your spell library was empty.

Dungeon Overview and Level Annotations

Branches:
Dungeon (4/15)
 Temple: D:4-7

Altars:

Shops:
D:1 (


Innate Abilities, Weirdness & Mutations

You are very small and have problems with some larger weapons.
You are too small for most types of armour.
You have supernaturally acute eyesight. (SInv)
You cover ground extremely quickly. (Speed+++)


Message History

You kill the quokka!
You see here a quokka corpse.
A kobold comes into view. It is wielding a +0 short sword.
The kobold shouts!
The kobold hits you with a +0 short sword.
You barely miss the kobold. The kobold closely misses you.
You hit the kobold.
The kobold is severely wounded.
You hit the kobold.
You kill the kobold!
Things that are here:
a +0 short sword; a stone; a kobold corpse HP restored.
Found a hand axe.
You see here a +0 hand axe.
A sleepcap comes into view.
The sleepcap releases spores at you.
You hit the sleepcap.
The sleepcap is lightly damaged.
You hit the sleepcap.
The sleepcap is moderately damaged.
The sleepcap misses you.
You hit the sleepcap but do no damage.
The sleepcap is moderately damaged.
The sleepcap barely misses you.
You hit the sleepcap.
The sleepcap is moderately damaged.
The sleepcap misses you.
You hit the sleepcap but do no damage.
The sleepcap is moderately damaged.
The sleepcap completely misses you.
You hit the sleepcap but do no damage.
The sleepcap is moderately damaged.
The sleepcap releases spores at you!
Ouch! That really hurt!
* * * LOW HITPOINT WARNING * * *
You are engulfed in a cloud of soporific spores!
You fall asleep.
The sleepcap releases spores at you.
You die...

###### #....# ###
#....# #<# #....#
#.#.##....#########
#.#.#..f@.........#
#.#.#.....#######)#
#.#.#.....#
#.######
#.#.#.....#
#.#....#
#.#.#.....#
#####.#....#
####.#.#####.#
#..........#
#......# #.#
#..........##
##.#.### #.#
#............ #.#.#
#####.#......


You could see a sleepcap.

Vanquished Creatures
  An endoplasm (D:1)
  A quokka (D:4)
  A bat (D:2)
  2 kobolds
  A rat (D:3)
6 creatures vanquished.

Notes
Turn   | Place    | Note
-------+----------+-------------------------------------------
     0 | D:1      | Bravepunisher the Spriggan Monk began the quest for the
                  | Orb.
     0 | D:1      | Reached XP level 1. HP: 11/11 MP: 2/2
    16 | D:1      | Found Sasu's Weapon Shoppe.
   178 | D:4      | Noticed a sleepcap
   189 | D:4      | Slain by a sleepcap

Illustrated notes

Levels and vault maps discovered:
D:1:      shiori_arrival_oz, layout_basic, serial_shops, shop_statue,
          minmay_liquid_box, hangedman_decor_push
D:2:      layout_basic
D:3:      layout_rooms, mainiacjoe_overflow_concentric_impassable, uniq_robin,
          uniq_natasha
D:4:      layout_basic, amethyst_overflow_temple_binary,
          hangedman_decor_peaks_small, hex_tiny, hangedman_decor_clover_reticule

Action                     || total
---------------------------++-------
  Melee: Short sword       ||    18
 Armour: Robe              ||     6
  Dodge: Dodged            ||    12

Table legend: (Time is in decaauts)
 A = Elapsed time spent in this place.
 B = Non-inter-level travel time spent in this place.
 C = Inter-level travel time spent in this place.
 D = Time resting spent in this place.
 E = Time spent auto-exploring this place.
 F = Levels seen in this place.
 G = Mean time per level.
                   A        B        C        D        E       F      G
               +--------+--------+--------+--------+--------+-----+--------+
         Total |    128 |    122 |      6 |      0 |     63 |   4 |   32.0 |
       Dungeon |    128 |    122 |      6 |      0 |     63 |   4 |   32.0 |
               +--------+--------+--------+--------+--------+-----+--------+

Top non-repeatable levels by time:
     D:4: 55 daAuts
     D:1: 43 daAuts
     D:2: 20 daAuts
     D:3: 8 daAuts
